 Dungeon Crawl Stone Soup version 0.28.0-53-g5a82cb258f (console) character file.

Game seed: 147594114128720111

301 erker the Digger (level 6, 0/36 HPs)
             Began as an Octopode Earth Elementalist on July 23, 2022.
             Shot with a sling bullet by a hobgoblin (6 damage)
             ... on level 4 of the Dungeon.
             The game lasted 00:08:55 (5437 turns).

erker the Digger (Octopode Earth Elementalist)      Turns: 5437, Time: 00:08:55

Health: 0/36       AC:  1    Str:  7    XL:     6   Next: 37%
Magic:  7/9        EV: 13    Int: 26    God:
Gold:   222        SH:  0    Dex: 12    Spells: 4/9 levels left

rFire   . . .      SeeInvis .   a - +2 dagger (venom)
rCold   . . .      Faith    +   (no shield)
rNeg    . . .      Spirit   .   (helmet restricted)
rPois   .          Reflect  .   n - amulet of faith
rElec   .          Harm     .   f - ring of resist corrosion
rCorr   +          Rampage  .   j - +6 ring of intelligence
Will    .....                   (no ring)
Stlth   ++++......              (no ring)
HPRegen 0.12/turn               (no ring)
MPRegen 0.11/turn               (no ring)
                                (no ring)
                                (no ring)

@: no status effects
A: almost no armour, amphibious, 8 rings, camouflage 1, gelatinous body 1,
nimble swimmer 1, tentacles
a: no special abilities


You were on level 4 of the Dungeon.
You visited 1 branch of the dungeon, and saw 4 of its levels.

You collected 222 gold pieces.

Inventory:

Hand Weapons
 a - a +2 dagger of venom (weapon)
Missiles
 b - 151 stones
Jewellery
 f - a ring of resist corrosion (left tentacle)
 j - a +6 ring of intelligence (right tentacle)
 n - an amulet of faith (around mantle)
Wands
 k - a wand of mindburst (16)
Scrolls
 c - a scroll of immolation {unknown}
 d - 3 scrolls of identify {unknown}
 e - a scroll of fog {unknown}
 g - 3 scrolls of teleportation {unknown}
 i - a scroll of torment {unknown}
 l - 2 scrolls of enchant armour {unknown}
 o - a scroll of vulnerability {unknown}
 p - a scroll of silence {unknown}
Potions
 h - 2 potions of curing {unknown}
 m - 3 potions of heal wounds {unknown}


   Skills:
 - Level 2.0 Short Blades
 - Level 2.0 Dodging
 - Level 4.0 Stealth
 - Level 2.0 Spellcasting
 - Level 4.0 Transmutations
 + Level 4.7 Earth Magic


You had 4 spell levels left.
You knew the following spells:

 Your Spells              Type           Power      Damage    Failure   Level
a - Sandblast             Erth           54%        2d13      1%          1
p - Petrify               Tmut/Erth      25%        N/A       17%         4

Your spell library contained the following spells:

 Spells                   Type           Power      Damage    Failure   Level
 Passwall                 Tmut/Erth      20%        N/A       2%          2
 Stone Arrow              Conj/Erth      28%        3d8       12%         3


Dungeon Overview and Level Annotations

Branches:
Dungeon (4/15)
 Temple: D:4-7

Altars:
Ru
Uskayaw

Shops:
D:1 (

Annotations:
D:1 Terence
D:3 1 runed translucent door, Crazy Yiuf


Innate Abilities, Weirdness & Mutations

You cannot wear most types of armour.
You are amphibious.
You can wear up to eight rings at the same time.
Your skin changes colour to match your surroundings (Stealth+).
Your rubbery body absorbs attacks. (AC +1, EV +1)
You are camouflaged when in or above water. (Stealth+)
You have tentacles for arms and can constrict up to eight enemies at once.


Message History

The hobgoblin shoots a sling bullet.
The sling bullet hits you!
The goblin shouts!
The hobgoblin shoots a sling bullet.
The sling bullet hits you!
There is an open door here.
There is a large open door, spattered with blood here.
Things that are here:
a +0 club; a goblin corpse You hit the goblin.
The goblin is poisoned.
Your grab misses the goblin.
The goblin is severely wounded.
The goblin hits you with a +0 club.
You hit the goblin.
You kill the goblin!
You hit the gnoll but do no damage.
The gnoll is poisoned.
Your grab misses the gnoll. The gnoll hits you with a +0 club.
You hit the gnoll but do no damage. Your grab misses the gnoll.
You squeeze the gnoll, but do no damage.
The gnoll is lightly wounded.
The gnoll barely misses you.
You hit the gnoll but do no damage. You grab the gnoll. You squeeze the gnoll!
The gnoll is almost dead.
You constrict the gnoll. The gnoll hits you with a +0 club!
* * * LOW HITPOINT WARNING * * *
You release your grip on the gnoll.
You kill the gnoll!
Casting: Sandblast (safe; 1% risk of failure)
Confirm with . or Enter, or press ? or * to list all spells.
Aiming: Sandblast (safe; 1% risk of failure)
Press: ? - help, Shift-Dir - straight line, f - hobgoblin
Aim: a hobgoblin, wielding a +0 hunting sling and quivering sling bullets (81% to hit)
The blast of sand hits the hobgoblin.
The hobgoblin is heavily wounded.
Casting: Sandblast (safe; 1% risk of failure)
Confirm with . or Enter, or press ? or * to list all spells.
Aiming: Sandblast (safe; 1% risk of failure)
Press: ? - help, Shift-Dir - straight line, f/p - hobgoblin
Aim: a hobgoblin, wielding a +0 hunting sling and quivering sling bullets (heavily wounded, 81% to hit)
The blast of sand hits the goblin!
You kill the goblin!
The hobgoblin shoots a sling bullet.
The sling bullet hits you.
You die...

........#.......#................
#......##..<.......#.#...........
.....#..[.......######.#.........
..........................(......
.................................
≈≈≈≈.≈)≈≈.≈≈≈.≈.≈.....≈≈.≈≈..≈.≈≈
≈≈≈≈≈≈≈≈≈≈≈≈≈≈≈≈≈.....≈≈≈≈≈≈≈≈≈≈≈
≈≈≈≈≈≈≈≈≈≈≈≈≈≈≈≈).....≈≈≈≈≈≈≈≈≈≈≈
≈≈≈≈≈≈≈≈≈≈≈≈≈≈≈≈@)g...≈≈≈≈≈≈≈≈≈≈≈
##################)'#############
##.....# #....# ##......+ #....#
#.......#########....##
#..............#g.....#
+........g..g..g......+
#..........g...#......#
#.......#########....##


You could see a hobgoblin.

Vanquished Creatures
  A water moccasin skeleton (D:4)
  A jelly (D:4)
  Robin (D:3)
  5 gnolls (D:4)
  6 adders
  An adder skeleton (D:4)
  2 worms (D:3)
  A dart slug (D:3)
  2 orcs
  7 endoplasms
  5 giant cockroaches
  11 hobgoblins
  3 kobolds
  4 quokkas
  10 ball pythons
  A bat (D:2)
  7 frilled lizards
  19 goblins
  8 rats
95 creatures vanquished.

Notes
Turn   | Place    | Note
-------+----------+-------------------------------------------
     0 | D:1      | erker the Octopode Earth Elementalist began the quest for
                  | the Orb.
     0 | D:1      | Reached XP level 1. HP: 11/11 MP: 3/3
   744 | D:1      | Reached XP level 2. HP: 9/17 MP: 5/5
   970 | D:1      | Found Pitimiacs's Antique Weapon Shoppe.
  1342 | D:2      | Found a faded altar of an unknown god.
  1383 | D:2      | Reached skill level 1 in Short Blades
  1555 | D:2      | Reached XP level 3. HP: 21/21 MP: 4/6
  2295 | D:2      | Noticed Terence
  2973 | D:3      | Reached XP level 4. HP: 27/27 MP: 7/7
  3589 | D:3      | Found a runed translucent door.
  3590 | D:3      | Noticed Crazy Yiuf
  3621 | D:3      | Noticed Robin
  3633 | D:3      | Killed Robin
  3634 | D:3      | Reached XP level 5. HP: 28/31 MP: 1/8
  3696 | D:3      | Found a sacrificial altar of Ru.
  4444 | D:4      | Noticed a necrophage
  4450 | D:4      | Noticed a +0 hand axe
  4451 | D:4      | Found a hide-covered altar of Uskayaw.
  4451 | D:4      | Noticed a +0 hand axe
  5229 | D:4      | Noticed an orc warrior
  5270 | D:4      | Reached XP level 6. HP: 25/36 MP: 4/9
  5316 | D:4      | Learned a level 4 spell: Petrify
  5437 | D:4      | Shot with a sling bullet by a hobgoblin

Illustrated notes

Levels and vault maps discovered:
D:1:      dpeg_arrival_boxes_within_box, layout_basic, serial_shops,
          nicolae_shop_hallway_stairs, st_stairs_12, roderic_lattice_a
D:2:      minmay_recursive_quarters, layout_loops_corners,
          hellmonk_ecumenical_altar_arch_garden, eino_curves_02,
          minmay_misc_feat_rows, nrook_uturn, uniq_terence
D:3:      layout_loops_cross, nicolae_ru_sacrificial_ziggurat, minivault_19,
          minmay_guardbox, uniq_crazy_yiuf_cottage, uniq_robin
D:4:      minmay_goblin_kobold_castle, layout_cave_pools,
          dancing_weapons_uskayaw, minmay_checkerbox

Skill      XL: |  1  2  3  4  5 |
---------------+----------------+-----
Stealth        | 3 4 |  4.0
Short Blades   | 1 2 |  2.0
Earth Magic    | 4 |  4.7
Transmutations | 2 4 |  4.0
Dodging        | |  2.0
Spellcasting   | |  2.0

Action                   |  1- 3 |  4- 6 || total
-------------------------+-------+-------++-------
Melee: Unarmed           |    19 |       ||    19
       Constrict         |    13 |    23 ||    36
       Tentacles         |    13 |    18 ||    31
       Dagger            |    42 |   102 ||   144
       Punch             |     1 |     1 ||     2
 Cast: Sandblast         |     4 |    34 ||    38
 Stab: Sleeping          |    12 |    10 ||    22
       Distracted        |       |     1 ||     1
Armor: Skin              |     3 |     9 ||    12
Dodge: Dodged            |    34 |    59 ||    93
